 Dungeon Crawl Stone Soup version 0.32-a0-953-g508020473e (webtiles) character file.

Game seed: 14720677473043722976

1201 PriceMaster the Thaumaturge (level 8, -1/37 HPs)
             Began as a Spriggan Earth Elementalist on Apr 14, 2024.
             Slain by an orc
             ... wielding a +0 flail
              (8 damage)
             ... on level 6 of the Dungeon on Apr 16, 2024.
             The game lasted 00:07:27 (5116 turns).

PriceMaster the Thaumaturge (SpEE)                  Turns: 5116, Time: 00:07:27

Health: -1/37      AC:  2    Str:  4    XL:     8   Next: 21%
Magic:  13/21      EV: 22    Int: 24    God:
Gold:   451        SH:  0    Dex: 16    Spells: 17/24 levels left

rFire   . . .        (weapon restricted)
rCold   . . .        (no shield)
rNeg    . . .        a - +0 robe
rPois   .            (helmet restricted)
rElec   .            (no cloak)
rCorr   .            (gloves unavailable)
SInv    +            (boots unavailable)
Will    +....        (no amulet)
Stlth   ++           l - +6 ring of intelligence
HPRegen 0.26/turn    m - +5 ring of evasion
MPRegen 0.17/turn

%: no passive effects
@: very quick
A: very small, no large weapons, unfitting armour, see invisible, speed 3
a: Convert to Beogh


You were on level 6 of the Dungeon.
You visited 1 branch of the dungeon, and saw 6 of its levels.

You collected 481 gold pieces.
You spent 30 gold pieces at shops.

Inventory:

Armour
 a - a +0 robe (worn)
Jewellery
 h - a ring of poison resistance
 l - a +6 ring of intelligence (left hand)
 m - a +5 ring of evasion (right hand)
 p - a ring of fire
Wands
 o - a wand of iceblast (9)
 r - a wand of mindburst (10)
 t - a wand of flame (6)
Scrolls
 d - 2 scrolls of vulnerability
 e - 3 scrolls of poison
 f - 2 scrolls of teleportation
 i - a scroll of immolation
 s - 2 scrolls of noise
Potions
 b - a potion of magic
 c - a potion of ambrosia
 g - 5 potions of curing {unknown}
 j - 4 potions of heal wounds {unknown}
 k - 2 potions of enlightenment {unknown}
 n - a potion of invisibility {unknown}
 q - a potion of attraction {unknown}


   Skills:
 + Level 0.5 Fighting
 + Level 3.7 Dodging
 + Level 3.4 Stealth
 + Level 8.8 Spellcasting
 + Level 1.0 Conjurations
 + Level 6.3 Earth Magic


You had 17 spell levels left.
You knew the following spells:

 Your Spells              Type           Power      Damage    Failure   Level
a - Sandblast             Erth           82%        2d17      1%          1
b - Stone Arrow           Conj/Erth      56%        3d10      4%          3
c - Passwall              Erth           41%        N/A       1%          3

Your spell library contained the following spells:

 Spells                   Type           Power      Damage    Failure   Level
 Magic Dart               Conj           60%        1d6       3%          1
 Sting                    Conj/Alch      52%        1d6       4%          1
 Apportation              Tloc           20%        N/A       6%          1
 Necrotise                Necr           40%        1d6       6%          1
 Summon Small Mammal      Summ           40%        N/A       6%          1
 Searing Ray              Conj           30%        2d5       6%          2
 Ensorcelled Hibernation  Hex/Ice        20%        N/A       9%          2
 Brom's Barrelling Bould  Conj/Erth      28%        2d5       13%         4
 Hailstorm                Conj/Ice       13%        3d6       14%         3
 Petrify                  Alch/Erth      25%        N/A       16%         4
 Summon Ice Beast         Ice/Summ       10%        N/A       19%         3
 Swiftness                Air            10%        N/A       19%         3
 Fulminant Prism          Conj/Alch      6%         3d7       43%         4
 Permafrost Eruption      Ice/Erth       12%        2x4d4     94%         6
 Sculpt Simulacrum        Ice/Alch       5%         N/A       100%        6
 Haunt                    Necr/Summ      5%         N/A       100%        7
 Borgnjor's Revivificati  Necr           5%         N/A       100%        8
 Death's Door             Necr           5%         N/A       100%        9


Dungeon Overview and Level Annotations

Branches:
Dungeon (6/15)             Temple (0/1) D:5

Altars:
Elyvilon
Fedhas
Makhleb
Ru
The Shining One

Shops:
D:4 *   D:6 :*


Innate Abilities, Weirdness & Mutations

You are very small and have problems with some larger weapons.
You are too small for most types of armour.
You have supernaturally acute eyesight. (SInv)
You cover ground extremely quickly. (Speed+++)


Message History

The magic dart hits you!
The blast of sand hits the orc.
The orc is lightly wounded.
A howler monkey comes into view.
The orc hits you but does no damage.
Unknown command.
Aiming: Mindburst
Press: ? - help, Shift-Dir - straight line, f - orc wizard, p - orc
Aim: an orc wizard, wielding a +0 dagger and wearing a +0 robe (chance to affect: 64%)
The orc wizard's mind is blasted!
You blow up the orc wizard!
The howler monkey howls!
The howler monkey hoots and howls with incredible vigour!
The orc hits you but does no damage.
Aiming: Mindburst
Press: ? - help, Shift-Dir - straight line, f - orc priest
Aim: an orc priest, wielding a +0 club (chance to affect: 64%)
The orc priest struggles to resist.
The orc misses you.
Unknown command.
Casting: Sandblast (safe; 1% risk of failure)
Confirm with . or Enter, or press ? or * to list all spells.
Aiming: Stone Arrow (dangerous; 4% risk of failure)
Press: ? - help, Shift-Dir - straight line, f/p - orc priest
Aim: an orc priest, wielding a +0 club (71% to hit)
The stone arrow hits the orc priest!
The orc priest is almost dead.
The orc hits you with a +0 flail. The orc hits you with a +0 hand axe.
The orc priest mumbles some strange prayers to Beogh against you.
Beogh smites you!
* * * LOW HITPOINT WARNING * * *
Casting: Stone Arrow (dangerous; 4% risk of failure)
Confirm with . or Enter, or press ? or * to list all spells.
Aiming: Stone Arrow (dangerous; 4% risk of failure)
Press: ? - help, Shift-Dir - straight line, f/p - orc priest
Aim: an orc priest, wielding a +0 club (almost dead, 71% to hit)
The stone arrow misses the orc priest.
The orc priest shouts, "Beogh offers mercy even to people such as you.
Join us and be reborn!"
The orc priest looks encouraged for a moment.
The orc misses you. The orc hits you with a +0 flail!
You die...

.......#..........
...... #................
...... #....##..........
......##..........#.....
...h.......#............
....)..##.##............
...)......##....##......
.$....oo.............###
......o@...........##.
.....................
.....$..!............
..............#####..
.....<.....##.# ..
...#.......#....
#..........##....#
#..).$.....#.......
..........#.......


You could see a howler monkey (catching breath), an orc priest and 2 orcs.

Vanquished Creatures
  Eustachio (D:6)
  A water moccasin (D:6)
  An ogre (D:5)
  A phantom (D:5)
  3 scorpions
  2 hounds
  2 jellies
  A gnoll bouda (D:5)
  An orc priest (D:3)
  A sleepcap (D:5)
  4 iguanas
  2 orc wizards
  4 gnolls (D:5)
  9 adders
  6 dart slugs
  A ribbon worm (D:2)
  12 orcs
  12 ball pythons
  5 bats
  14 endoplasms
  5 giant cockroaches
  9 goblins
  6 hobgoblins
  8 jackals
  6 quokkas
  4 frilled lizards
  7 kobolds
  A rat (D:1)
129 creatures vanquished.

Notes
Turn   | Place    | Note
-------+----------+-------------------------------------------
     0 | D:1      | PriceMaster the Spriggan Earth Elementalist began the quest
                  | for the Orb.
     0 | D:1      | Reached XP level 1. HP: 9/9 MP: 5/5
   166 | D:1      | Reached XP level 2. HP: 13/13 MP: 3/6
   262 | D:1      | Reached skill level 3 in Spellcasting
   453 | D:1      | Reached XP level 3. HP: 14/16 MP: 1/9
   889 | D:2      | Reached skill level 4 in Spellcasting
  1002 | D:2      | Reached XP level 4. HP: 21/21 MP: 5/11
  1877 | D:2      | Upgraded the game from 0.32-a0-933-ga8fa3634e4 to
                  | 0.32-a0-953-g508020473e
  2039 | D:3      | Found a faded altar of an unknown god.
  2120 | D:3      | Reached skill level 5 in Spellcasting
  2468 | D:3      | Reached XP level 5. HP: 24/24 MP: 11/13
  2771 | D:3      | Found a faded altar of an unknown god.
  2775 | D:3      | Found a burning altar of Makhleb.
  3056 | D:4      | Found Capuge Pioli's Assorted Antiques.
  3112 | D:4      | Reached XP level 6. HP: 28/28 MP: 12/15
  3242 | D:4      | Found a white marble altar of Elyvilon.
  3338 | D:4      | Reached skill level 6 in Spellcasting
  3386 | D:4      | Found a sacrificial altar of Ru.
  3390 | D:4      | Found a blossoming altar of Fedhas.
  3394 | D:4      | Found a glowing golden altar of the Shining One.
  3715 | D:4      | Learned a level 3 spell: Stone Arrow
  3719 | D:4      | Learned a level 3 spell: Passwall
  3745 | D:5      | Entered Level 5 of the Dungeon
  3969 | D:5      | Found a staircase to the Ecumenical Temple.
  3972 | D:5      | Reached skill level 7 in Spellcasting
  3990 | D:5      | Reached XP level 7. HP: 32/32 MP: 11/18
  4060 | D:5      | Reached skill level 5 in Earth Magic
  4377 | D:5      | Reached skill level 8 in Spellcasting
  4795 | D:6      | Found Owni's General Store.
  4807 | D:6      | Bought a scroll of identify for 30 gold pieces
  4831 | D:6      | Reached XP level 8. HP: 37/37 MP: 11/21
  4896 | D:6      | Noticed Eustachio
  4900 | D:6      | Killed Eustachio
  4901 | D:6      | Reached skill level 1 in Conjurations
  4998 | D:6      | Found Idiegamp's Book Shop.
  5116 | D:6      | Slain by an orc

Illustrated notes

Levels and vault maps discovered:
D:1:      psy_arrival_dodecagon, layout_rooms
D:2:      layout_basic
D:3:      minmay_general_purpose_star, layout_basic,
          nicolae_overflow_ecumenical_swirl, chequers_ecumenical_altar_grove,
          minmay_door_square, hangedman_feature_mirror
D:4:      cheibrodos_old_hovel, layout_cave_pools,
          grunt_temple_overflow_diamond, amcnicky_altar_gilded, serial_shops,
          shop, serial_library_hellmonk_u_bend, st_stairs_11, feat_on_display
D:5:      layout_basic, temple_green
D:6:      layout_cave_pools, serial_shops, shop, shop_fountains,
          nicolae_shop_rolled_up, kennysheep_nondescript, grunt_ministairs_5,
          minmay_fractal_squares_gapless_5, uniq_maggie, uniq_eustachio

Skill      XL: |  1  2  3  4  5  6  7  8 |
---------------+-------------------------+-----
Earth Magic    | 3 4 6 |  6.3
Dodging        | 3 |  3.7
Spellcasting   | 3 4 5 7 8 |  8.8
Conjurations   | 1 |  1.0
Fighting       | |  0.5
Stealth        | |  3.4

Action                     |  1- 3 |  4- 6 |  7- 9 || total
---------------------------+-------+-------+-------++-------
  Melee: Unarmed           |     8 |     7 |       ||    15
   Cast: Sandblast         |    51 |   103 |    31 ||   185
         Stone Arrow       |       |     8 |    10 ||    18
  Evoke: Wand              |       |       |     2 ||     2
    Use: Scroll            |       |       |     6 ||     6
 Armour: Robe              |    19 |    22 |    12 ||    53
  Dodge: Dodged            |    40 |    48 |     8 ||    96

Table legend: (Time is in decaauts)
 A = Elapsed time spent in this place.
 B = Non-inter-level travel time spent in this place.
 C = Inter-level travel time spent in this place.
 D = Time resting spent in this place.
 E = Time spent auto-exploring this place.
 F = Levels seen in this place.
 G = Mean time per level.
                   A        B        C        D        E       F      G
               +--------+--------+--------+--------+--------+-----+--------+
         Total |   3974 |   3900 |     74 |     14 |   3277 |   6 |  662.3 |
       Dungeon |   3974 |   3900 |     74 |     14 |   3277 |   6 |  662.3 |
               +--------+--------+--------+--------+--------+-----+--------+

Top non-repeatable levels by time:
     D:3: 814 daAuts
     D:5: 799 daAuts
     D:2: 772 daAuts
     D:1: 720 daAuts
     D:4: 573 daAuts
     D:6: 293 daAuts
